 Dungeon Crawl Stone Soup version 0.18-b1-10-g3f7de93 (webtiles) character file.

1470 shmeve the Skirmisher (level 8, 73/73 HPs)
             Began as a Minotaur Fighter on Apr 30, 2016.
             Quit the game in the Ecumenical Temple.
             The game lasted 00:11:43 (5026 turns).

shmeve the Skirmisher (Minotaur Fighter)            Turns: 5026, Time: 00:11:44

Health: 73/73      AC: 11    Str: 23    XL:     8   Next: 49%
Magic:  7/7        EV: 10    Int:  5    God:
Gold:   153        SH: 10    Dex: 10    Spells: 0 memorised, 7 levels left

rFire  . . .     SeeInvis .     a - +0 war axe
rCold  . . .     Gourm    .     d - +0 chain mail
rNeg   . . .     Faith    .     c - +0 shield
rPois  .         Spirit   .     (helmet restricted)
rElec  .         Dismiss  .     (no cloak)
rCorr  .         Reflect  .     (no gloves)
SustAt .         Harm     .     j - +0 pair of boots
MR     .....                    (no amulet)
Stlth  ..........               (no ring)
                                b - +3 ring of evasion

@: not resistant to hostile enchantments, extremely unstealthy
A: retaliatory headbutt, horns 2
a: no special abilities


You were in the Ecumenical Temple.
You were hungry.

You visited 2 branches of the dungeon, and saw 7 of its levels.
You also visited: Sewer.

You collected 153 gold pieces.

Inventory:

Hand Weapons
 a - a +0 war axe (weapon)
Missiles
 C - 2 javelins (quivered)
Armour
 c - a +0 shield (worn)
 d - a +0 chain mail (worn)
 j - a +0 pair of boots (worn)
Jewellery
 b - a +3 ring of evasion (left hand)
Scrolls
 e - a scroll of random uselessness {unknown}
 g - 4 scrolls of remove curse {unknown}
 h - 4 scrolls of magic mapping {unknown}
 l - a scroll of immolation {unknown}
 o - 3 scrolls of fear {unknown}
 q - 4 scrolls of identify {unknown}
 r - 4 scrolls of teleportation {unknown}
 u - a scroll of blinking {unknown}
 w - a scroll of noise {unknown}
 x - a scroll of enchant armour {unknown}
Potions
 i - 2 potions of brilliance {unknown}
 k - 5 potions of curing {unknown}
 m - 2 potions of agility {unknown}
 p - 2 potions of magic {unknown}
 s - 2 potions of lignification {unknown}
 z - 2 potions of flight {unknown}
 B - a potion of resistance {unknown}
Books
 y - a book of Death

   Spells                             Type                      Level
   a - Corpse Rot                     Necromancy                   2
   b - Sublimation of Blood           Necromancy                   2
   c - Agony                          Necromancy                   5
   d - Dispel Undead                  Necromancy                   5
   e - Excruciating Wounds            Charms/Necromancy            5
   f - Bolt of Draining               Conjuration/Necromancy       5
Comestibles
 f - 8 bread rations
 n - 5 meat rations
 t - a beef jerky
 v - a slice of pizza
 A - a royal jelly


   Skills:
 * Level 7.0 Fighting
 * Level 6.4 Axes
 + Level 3.6 Throwing
 + Level 5.4 Armour
 + Level 3.7 Dodging
 * Level 6.6 Shields


You had 7 spell levels left.
You didn't know any spells.

Dungeon Overview and Level Annotations

Branches:
Dungeon (6/15)             Temple (1/1) D:6

Altars:
Ashenzari
Cheibriados
Dithmenos
Elyvilon
Fedhas
Gozag
Kikubaaqudgha
Makhleb
Nemelex Xobeh
Pakellas
Qazlal
Ru
Sif Muna
Vehumet
Xom
Yredelemnul

Shops:
D:5 }


Innate Abilities, Weirdness & Mutations

You reflexively headbutt those who attack you in melee.
You have a pair of horns on your head.


Message History

You open the door.
There is an open door here.
There is a staircase to the Ecumenical Temple here.
You climb downwards.
Welcome to the Ecumenical Temple!
There is a staircase back to the Dungeon here.
Read which item? (? for menu, Esc to quit)
Okay, then.
Found a deep blue altar of Sif Muna.
Found a white marble altar of Elyvilon.
Found a stormy altar of Qazlal.
Found a burning altar of Makhleb.
You are feeling hungry.
Found a shimmering altar of Xom.
Found an opulent altar of Gozag.
Done exploring.
Done exploring.
There is a staircase back to the Dungeon here.
Drink which item? (? for menu, Esc to quit)
You can't drink that!
Are you sure you want to abandon this character and quit the game? (Confirm with "yes".)

##.............._..............##
.........8.............8.........
.................................
.................................
....._....................._.....
..............⌠...⌠..............
.................................
.................................
...8.......⌠....@....⌠.......8...
.................................
.................................
..............⌠...⌠..............
....._....................._.....
.................................
.................................
.........8.............8.........
##.............._..............##


There were no monsters in sight!

Vanquished Creatures
  The ghost of Spurious the Destroyer, a novice HuCj (D:5)
  Sigmund (D:3)
  An orc warrior (D:4)
  A phantom (D:4)
  A big kobold (Sewer)
  A howler monkey (D:5)
  A crimson imp (D:6)
  2 hounds
  A giant frog zombie (D:5)
  A jelly (D:6)
  An orc wizard (D:3)
  A centaur skeleton (D:4)
  2 giant frog skeletons
  2 iguanas
  A worker ant (D:5)
  Terence (D:3)
  Robin (D:3)
  A worker ant zombie (D:5)
  8 adders
  5 gnolls
  2 river rats (Sewer)
  2 oozes (D:4)
  2 worms
  3 dart slugs
  4 giant geckos
  6 orcs
  4 giant cockroaches
  19 goblins
  10 hobgoblins
  9 jackals
  15 kobolds
  2 quokkas
  4 ball pythons
  4 bats
  A giant gecko skeleton (D:6)
  2 giant newts
  A jackal skeleton (D:5)
  A quokka skeleton (D:4)
  10 rats
135 creatures vanquished.

Notes
Turn   | Place    | Note
--------------------------------------------------------------
     0 | D:1      | shmeve the Minotaur Fighter began the quest for the Orb.
     0 | D:1      | Reached XP level 1. HP: 19/19 MP: 0/0
    56 | D:1      | Reached XP level 2. HP: 9/27 MP: 1/1
   426 | D:1      | Found a shattered altar of Ashenzari.
   929 | D:1      | Reached skill level 1 in Throwing
  1007 | D:1      | Reached XP level 3. HP: 33/33 MP: 2/2
  1334 | D:2      | Reached skill level 4 in Fighting
  1337 | D:2      | Reached skill level 1 in Dodging
  1665 | D:2      | Reached XP level 4. HP: 40/40 MP: 3/3
  1939 | D:2      | Found a shadowy altar of Dithmenos.
  2143 | D:2      | Found a faded altar to an unknown god.
  2343 | D:3      | Found a burning altar of Makhleb.
  2351 | D:3      | Reached XP level 5. HP: 36/47 MP: 4/4
  2574 | D:3      | Noticed Robin
  2584 | D:3      | Killed Robin
  2942 | D:3      | Noticed Sigmund
  2951 | D:3      | Killed Sigmund
  2951 | D:3      | Reached skill level 5 in Fighting
  2951 | D:3      | Reached skill level 5 in Shields
  2951 | D:3      | Reached XP level 6. HP: 45/56 MP: 5/5
  3010 | D:3      | Noticed Terence
  3025 | D:3      | Killed Terence
  3048 | D:3      | Found a sparkling altar of Nemelex Xobeh.
  3291 | D:4      | Reached XP level 7. HP: 50/61 MP: 6/6
  3529 | D:4      | Reached skill level 5 in Axes
  3846 | D:4      | Found a basalt altar of Yredelemnul.
  3888 | D:4      | Found an ancient bone altar of Kikubaaqudgha.
  3895 | D:4      | Found a blossoming altar of Fedhas.
  3982 | D:4      | Found a shattered altar of Ashenzari.
  3984 | D:4      | Found a radiant altar of Vehumet.
  3993 | D:4      | Found a sacrificial altar of Ru.
  4072 | D:5      | Entered Level 5 of the Dungeon
  4077 | D:5      | Noticed Spurious's ghost (novice HuCj)
  4090 | D:5      | Killed Spurious's ghost
  4090 | D:5      | Reached skill level 6 in Fighting
  4090 | D:5      | Reached skill level 5 in Armour
  4090 | D:5      | Reached XP level 8. HP: 49/71 MP: 7/7
  4292 | D:5      | Found an oddly glowing altar of Pakellas.
  4292 | D:5      | Found Pakellas's Prime Provisions.
  4376 | D:5      | Found a snail-covered altar of Cheibriados.
  4611 | D:6      | Found a glowing drain.
  4639 | Sewer    | Entered a sewer
  4747 | Sewer    | Found a glowing silver altar of Zin.
  4889 | D:6      | Reached skill level 7 in Fighting
  4899 | D:6      | Found a staircase to the Ecumenical Temple.
  4930 | Temple   | Entered the Ecumenical Temple
  5026 | Temple   | Quit the game

Skill      XL: |  1  2  3  4  5  6  7  8 |
---------------+-------------------------+-----
Throwing       | 1 2 3 |  3.6
Axes           | 3 4 5 6 |  6.4
Fighting       | 4 5 6 7 |  7.0
Dodging        | 1 2 3 |  3.7
Shields        | 4 5 6 |  6.6
Armour         | 4 5 |  5.4

Action                   |  1- 3 |  4- 6 |  7- 9 || total
-------------------------+-------+-------+-------++-------
Melee: War axe           |    72 |   130 |   141 ||   343
       Headbutt          |    10 |    25 |    27 ||    62
  Use: Potion            |       |     1 |       ||     1
  Eat: Chunk             |     1 |     7 |     5 ||    13
Armor: Scale mail        |    41 |    65 |       ||   106
       Chain mail        |       |     6 |    55 ||    61
Dodge: Dodged            |    23 |    41 |    55 ||   119
Block: Shield            |    47 |    74 |    73 ||   194
